 Dungeon Crawl Stone Soup version 0.25.1-9-gc5326a611f (webtiles) character file.

Game seed: 12638867260734501050

326 Gabide the Twirler (level 6, -2/51 HPs)
             Began as a Demigod Gladiator on Jan 1, 2021.
             Killed by divine providence
             ... invoked by an orc priest
              (10 damage)
             ... on level 4 of the Dungeon.
             The game lasted 00:05:52 (2718 turns).

Gabide the Twirler (Demigod Gladiator)              Turns: 2718, Time: 00:05:54

Health: -2/51      AC:  9    Str: 19    XL:     6   Next: 3%
Magic:  8/8        EV: 18    Int: 12    God:
Gold:   197        SH:  0    Dex: 19    Spells: 5/5 levels left

rFire    . . .     SeeInvis .   a - +0 quarterstaff
rCold    . . .     Gourm    .   (shield currently unavailable)
rNeg     . . .     Faith    .   b - +0 leather armour
rPois    .         Spirit   .   c - +0 helmet
rElec    .         Reflect  .   i - +0 cloak
rCorr    .         Harm     .   (no gloves)
MR       .....                  (no boots)
Stlth    +.........             g - amulet of magic regeneration
HPRegen  0.17/turn              h - +4 ring of evasion
MPRegen  0.36/turn              j - +4 ring of protection

@: lethally poisoned (-2 -> -13)
A: high mp 1
a: no special abilities


You were on level 4 of the Dungeon.
You were not hungry.

You visited 1 branch of the dungeon, and saw 4 of its levels.

You collected 197 gold pieces.

Inventory:

Hand Weapons
 a - a +0 quarterstaff (weapon)
Missiles
 n - a throwing net
 q - 3 atropa-tipped darts (quivered)
Armour
 b - a +0 leather armour (worn)
 c - a +0 helmet (worn)
 i - a +0 cloak (worn)
Jewellery
 g - an amulet of magic regeneration (around neck)
 h - a +4 ring of evasion (left hand)
 j - a +4 ring of protection (right hand)
 k - an uncursed ring of fire {unknown}
Scrolls
 p - a scroll of teleportation
Potions
 d - a potion of lignification {unknown}
 e - 2 potions of brilliance {unknown}
 l - a potion of stabbing {unknown}
 m - 2 potions of magic {unknown}
 o - a potion of haste {unknown}
Comestibles
 f - 6 rations
 r - 2 chunks of flesh


   Skills:
 * Level 3.0 Fighting
 * Level 5.2 Staves
 + Level 2.0 Throwing
 + Level 1.1 Armour
 + Level 3.3 Dodging


You had 5 spell levels left.
You didn't know any spells.
Your spell library was empty.

Dungeon Overview and Level Annotations

Branches:
Dungeon (4/15)
 Temple: D:4-7


Innate Abilities, Weirdness & Mutations

You have an increased reservoir of magic. (+10% MP)


Message History

You feel sick.
The orc wizard hits you but does no damage.
The worker ant bites you but does no damage.
The orc wizard hits you but does no damage.
You are more poisoned.
The orc priest hits you but does no damage.
The orc completely misses you. The orc closely misses you.
You feel sick.
The orc wizard hits you but does no damage.
The worker ant closely misses you.
You feel sick. The worker ant bites you.
The orc priest calls down the wrath of Beogh upon you.
Beogh smites you!
You feel sick.
The orc wizard gestures at you while chanting.
The magic dart hits you!
* * * LOW HITPOINT WARNING * * *
The orc priest mumbles some strange prayers to Beogh against you.
Beogh smites you!
You die...

#####.....###
#..####.....###
#.......##....#
#...#..####.### ###
##..##........##
##..##....#..####..<# ##
##....##.........##..# .#
#.....o#.......#.....##..
#...oooa@..<..##.........
##...#.o......###...##...
#...#......### #....#...
........##.## ##.#.....
........... ..# #.###.#.
#..............# #.# .##.
###.............. ..... .
##............Z .....
..$......... ......


You could see a worker ant, 2 orc priests, an orc wizard (fast), 2 orcs and an
adder skeleton (dormant).

Vanquished Creatures
  A big kobold (D:3)
  Natasha (thrice) (D:3)
  7 adders
  4 gnolls (D:2)
  2 oozes
  A worm (D:2)
  A leopard gecko (D:3)
  5 bats
  2 giant cockroaches
  7 goblins
  10 hobgoblins
  7 jackals (D:1)
  A quokka (D:3)
  2 ball pythons (D:2)
  2 frilled lizards (D:2)
  8 kobolds
  10 rats
73 creatures vanquished.

Notes
Turn   | Place    | Note
-------+----------+-------------------------------------------
     0 | D:1      | Gabide the Demigod Gladiator began the quest for the Orb.
     0 | D:1      | Reached XP level 1. HP: 17/17 MP: 3/3
    60 | D:1      | Reached skill level 3 in Staves
    94 | D:1      | Reached XP level 2. HP: 12/24 MP: 4/4
   767 | D:1      | Reached XP level 3. HP: 29/29 MP: 5/5
  1010 | D:2      | Reached skill level 4 in Staves
  1010 | D:2      | Reached XP level 4. HP: 8/37 MP: 6/6
  1984 | D:3      | Noticed Natasha
  1991 | D:3      | Killed Natasha
  1991 | D:3      | Reached XP level 5. HP: 42/42 MP: 7/7
  2021 | D:3      | Reached skill level 1 in Armour
  2107 | D:3      | Noticed Natasha
  2116 | D:3      | Killed Natasha
  2116 | D:3      | Reached skill level 5 in Staves
  2174 | D:3      | Noticed Natasha
  2189 | D:3      | Killed Natasha
  2592 | D:3      | Reached XP level 6. HP: 51/51 MP: 8/8
  2677 | D:4      | Found a stormy altar of Qazlal.
  2680 | D:4      | Noticed an air elemental
  2718 | D:4      | Killed from afar by an orc priest

Illustrated notes

Levels and vault maps discovered:
D:1:      saegor_arrival_simple_b, layout_rooms, minmay_pentomino_o2
D:2:      layout_basic, kennysheep_cross_room, minmay_shallow_snake_nest
D:3:      layout_basic, kennysheep_generic_room_3, uniq_natasha
D:4:      layout_cave_pools, nicolae_qazlal_style_of_elements, first_ration,
          minmay_hollow_rounded_squares

Skill      XL: |  1  2  3  4  5 |
---------------+----------------+-----
Staves         | 3 4 5 |  5.2
Fighting       | 2 3 |  3.0
Dodging        | 3 |  3.3
Armour         | 1 |  1.1
Throwing       | 2 |  2.0

Action                   |  1- 3 |  4- 6 || total
-------------------------+-------+-------++-------
Melee: Quarterstaff      |   114 |   141 ||   255
Throw: Throwing net      |     4 |     2 ||     6
       Dart              |     1 |     4 ||     5
  Use: Scroll            |     3 |     4 ||     7
 Stab: Sleeping          |     3 |       ||     3
       Invisible         |     1 |       ||     1
       Held in net/web   |       |     1 ||     1
  Eat: Chunk             |       |     6 ||     6
Armor: Leather armour    |    38 |    35 ||    73
Dodge: Dodged            |   153 |   151 ||   304
